 Dungeon Crawl Stone Soup version 0.26-a0-597-gb535b0901c (webtiles) character file.

Game seed: 10051950087981780613

557 Ge0ff the Poker (level 7, 0/57 HPs)
             Began as a Pale Draconian Abyssal Knight on Aug 26, 2020.
             Was a Believer of Lugonu.
             Slain by an ogre
             ... wielding a +0 giant club
              (16 damage)
             ... on level 7 of the Dungeon.
             The game lasted 00:07:49 (4567 turns).

Ge0ff the Poker (Pale Draconian Abyssal Knight)     Turns: 4567, Time: 00:07:50

Health: 0/57       AC:  7    Str: 15    XL:     7   Next: 9%
Magic:  8/8        EV: 12    Int: 12    God:    Lugonu [**....]
Gold:   225        SH:  0    Dex: 12    Spells: 6/6 levels left

rFire    . . .     SeeInvis .   a - +1 spear
rCold    . . .     Faith    .   (no shield)
rNeg     . . .     Spirit   .   (armour unavailable)
rPois    .         Reflect  .   (helmet restricted)
rElec    .         Harm     .   (no cloak)
rCorr    .                      (no gloves)
MR       .....                  p - +0 pair of boots
Stlth    +.........             (no amulet)
HPRegen  0.19/turn              (no ring)
MPRegen  0.11/turn              (no ring)

@: no status effects
A: breathe steam, unfitting armour, cold-blooded, AC +6
a: Breathe Steam, Depart the Abyss, Bend Space, Renounce Religion


You were on level 7 of the Dungeon.
You worshipped Lugonu.
Lugonu was pleased with you.
You visited 1 branch of the dungeon, and saw 7 of its levels.
You visited the Abyss 1 time.

You collected 303 gold pieces.
You spent 78 gold pieces at shops.

Inventory:

Hand Weapons
 a - a +1 spear (weapon)
 b - a +0 hunting sling
 h - a +1 hand axe of distortion
 w - a +1 dagger of venom
Missiles
 d - 95 stones (quivered)
 x - 20 poisoned darts
Armour
 p - a +0 pair of boots (worn)
Jewellery
 H - an uncursed ring of protection from magic {unknown}
Scrolls
 C - 3 scrolls of remove curse
 F - a scroll of random uselessness {unknown}
 G - a scroll of amnesia {unknown}
 T - a scroll of teleportation
Potions
 c - a potion of cancellation {unknown}
 j - a potion of brilliance {unknown}
 o - a potion of ambrosia
 q - 3 potions of curing
 z - a potion of heal wounds {unknown}
 D - a potion of haste {unknown}
 E - a potion of degeneration {unknown}


   Skills:
 - Level 3.2 Fighting
 + Level 7.8 Polearms
 - Level 2.1 Dodging
 - Level 2.0 Invocations


You had 6 spell levels left.
You didn't know any spells.
Your spell library contained the following spells:

 Spells                   Type           Power        Failure   Level
 Summon Small Mammal      Summ           #...         32%         1
 Call Imp                 Summ           #.......     45%         2
 Call Canine Familiar     Summ           #.......     69%         3
 Summon Guardian Golem    Hex/Summ       #.......     69%         3
 Summon Ice Beast         Ice/Summ       #.......     97%         4
 Summon Lightning Spire   Summ/Air       #.......     97%         4


Dungeon Overview and Level Annotations

Branches:
Dungeon (7/15)
 Temple: D:4-7

Altars:
Okawaru

Shops:
D:5 ?


Innate Abilities, Weirdness & Mutations

You can breathe blasts of scalding, opaque steam.
Your pale cyan-grey scales are hard. (AC +6)
You cannot fit into any form of body armour.
You are cold-blooded and may be slowed by cold attacks.


Message History

The water moccasin bites you but does no damage.
There is a stone staircase leading down here.
You feel sick. The water moccasin closely misses you.
The water moccasin barely misses you.
You climb downwards.
You hear the roar of battle.
There is an entrance to a bailey on this level.
Hurry and find it before the portal closes forever!
An ogre comes into view. It is wielding a +0 giant club.
Found an escape hatch in the floor.
There is a stone staircase leading up here.
Unknown command.
You feel sick. The water moccasin bites you.
* * * LOW HITPOINT WARNING * * *
You are lethally poisoned!
The water moccasin poisons you!
Found a scroll of teleportation.
You feel better. The water moccasin bites you!
* * * LOW HITPOINT WARNING * * *
The ogre hits you with a +0 giant club!
You die...

#. #. #. ###.
... . ##.## ...
#####...###.....
#....>.<@O......
#.###..S###....#
......## ..?
#.##### .


You could see a water moccasin and an ogre.

Vanquished Creatures
  4 ogres
  A scorpion (D:4)
  A bullfrog skeleton (D:4)
  A worker ant (D:5)
  4 adders
  A shadow imp (D:6)
  A white imp (D:5)
  An adder skeleton (D:4)
  2 worms
  2 dart slugs
  3 leopard geckos
  An orc (D:2)
  2 ball pythons (D:3)
  6 bats
  3 giant cockroaches
  8 goblins
  7 hobgoblins
  2 jackals (D:3)
  4 frilled lizards
  3 kobolds (D:3)
  A quokka skeleton (D:4)
  5 rats
63 creatures vanquished.

Notes
Turn   | Place    | Note
-------+----------+-------------------------------------------
     0 | Abyss:1  | Ge0ff the Draconian Abyssal Knight began the quest for the
                  | Orb.
     0 | Abyss:1  | Reached XP level 1. HP: 19/19 MP: 2/2
    22 | Abyss:1  | Noticed a raiju
    24 | D:1      | Escaped the Abyss
   135 | D:1      | Reached * piety under Lugonu
   299 | D:1      | Reached XP level 2. HP: 26/26 MP: 3/3
   385 | D:1      | Reached skill level 3 in Polearms
   984 | D:2      | Reached XP level 3. HP: 27/31 MP: 4/4
  1092 | D:2      | Found a faded altar of an unknown god.
  1634 | D:3      | Reached skill level 4 in Polearms
  2028 | D:3      | Reached ** piety under Lugonu
  2083 | D:3      | Reached XP level 4. HP: 38/38 MP: 5/5
  2826 | D:4      | Reached skill level 5 in Polearms
  2826 | D:4      | Reached XP level 5. HP: 25/45 MP: 6/6
  3032 | D:4      | Noticed an ogre
  3046 | D:4      | Killed an ogre
  3046 | D:4      | Reached skill level 6 in Polearms
  3282 | D:4      | Noticed an ogre
  3293 | D:4      | Noticed an ogre
  3365 | D:4      | Killed an ogre
  3365 | D:4      | Reached XP level 6. HP: 51/51 MP: 7/7
  3509 | D:4      | Reached skill level 7 in Polearms
  3681 | D:5      | Entered Level 5 of the Dungeon
  3684 | D:5      | Found Punaiwal's Magic Scroll Shop.
  3811 | D:5      | Your scales start taking on a pale cyan-grey colour.
  3811 | D:5      | Reached XP level 7. HP: 22/57 MP: 8/8
  4040 | D:5      | Bought a scroll of remove curse for 36 gold pieces
  4040 | D:5      | Bought a scroll of immolation for 42 gold pieces
  4532 | D:6      | Found an iron altar of Okawaru.
  4567 | D:7      | Slain by an ogre

Illustrated notes

Levels and vault maps discovered:
D:1:      dpeg_arrival_chambers_temple_mockup, layout_rooms
D:2:      layout_rooms, chequers_ecumenical_altar_island
D:3:      layout_loops_corners
D:4:      layout_cave_pools
D:5:      layout_basic, serial_shops, shop_scrolls, lemuel_tele_altar
D:6:      layout_rooms, basic_altar, serial_shops, kennysheep_mini, st_stairs_7,
          uniq_grinder
D:7:      layout_loops_ring, gammafunk_temple_overflow_elements,
          minmay_temple_entry_sparse_star, enter_bailey_3

Skill      XL: |  1  2  3  4  5  6 |
---------------+-------------------+-----
Polearms       | 3 4 5 6 7 |  7.8
Fighting       | |  3.2
Dodging        | |  2.1
Invocations    | |  2.0

Action                   |  1- 3 |  4- 6 |  7- 9 || total
-------------------------+-------+-------+-------++-------
Melee: Spear             |    89 |    56 |    13 ||   158
       Tailslap          |     4 |     7 |     1 ||    12
 Fire: Hunting sling     |    52 |    42 |       ||    94
Throw: Stone             |    62 |     7 |       ||    69
       Dart              |       |    18 |       ||    18
Invok: Depart the Abyss  |     1 |       |       ||     1
  Use: Potion            |     1 |     2 |     1 ||     4
       Scroll            |       |     4 |     1 ||     5
Armor: Skin              |    22 |    19 |    20 ||    61
Dodge: Dodged            |    46 |    32 |    52 ||   130

Table legend: (Time is in decaauts)
 A = Elapsed time spent in this place.
 B = Non-inter-level travel time spent in this place.
 C = Inter-level travel time spent in this place.
 D = Time resting spent in this place.
 E = Time spent auto-exploring this place.
 F = Levels seen in this place.
 G = Mean time per level.
                   A        B        C        D        E       F      G
               +--------+--------+--------+--------+--------+-----+--------+
         Total |   4591 |   4448 |    143 |      0 |   3577 |   8 |  573.9 |
       Dungeon |   4567 |   4424 |    143 |      0 |   3577 |   7 |  652.4 |
         Abyss |     24 |     24 |      0 |      0 |      0 |   1 |   24.0 |
               +--------+--------+--------+--------+--------+-----+--------+

Top non-repeatable levels by time:
     D:3: 1405 daAuts
     D:4: 938 daAuts
     D:1: 709 daAuts
     D:2: 636 daAuts
     D:5: 445 daAuts
     D:6: 429 daAuts
 Abyss:1: 24 daAuts
     D:7: 1 daAuts
